 Dungeon Crawl Stone Soup version 0.29.1 (webtiles) character file.

Game seed: 1584048150024621215

3275 Iusername the Cruncher (level 9, -1/81 HPs)
             Began as a Minotaur Fighter on Sept 12, 2022.
             Was a Believer of the Shining One.
             Succumbed to a green ugly thing's poison
             ... on level 6 of the Dungeon.
             The game lasted 00:11:20 (7292 turns).

Iusername the Cruncher (Minotaur Fighter)           Turns: 7292, Time: 00:11:21

Health: -1/81      AC: 12    Str: 24 (27) XL:     9   Next: 68%
Magic:  8/8        EV: 11    Int: 17 (19) God:    the Shining One [**....]
Gold:   97         SH:  0    Dex: 12 (15) Spells: 8/8 levels left

rFire   + . .      SeeInvis .   r - +6 quarterstaff of Wump {freeze, *Slow rPois rC+ Int+6}
rCold   + + +      Faith    .   (shield currently unavailable)
rNeg    + . .      Spirit   .   b - +0 scale mail
rPois   +          Reflect  .   (helmet restricted)
rElec   +          Harm     .   s - +0 cloak
rCorr   +          Rampage  .   (no gloves)
Will    .....                   z - +1 pair of boots {Stlth+}
Stlth   +.........              (no amulet)
HPRegen 0.23/turn               m - ring of Neurosis {*Corrode rC+ Str+7 Int+6 Dex+2}
MPRegen 0.11/turn               j - ring of resist corrosion

@: brilliant, lethally poisoned (-1 -> -9), resistant, hasted, glowing, very
quick
A: horns 2, retaliatory headbutt
a: Renounce Religion, Divine Shield


You were on level 6 of the Dungeon.
You worshipped the Shining One.
The Shining One was pleased with you.
You visited 2 branches of the dungeon, and saw 7 of its levels.

You collected 295 gold pieces.
You spent 198 gold pieces at shops.

Inventory:

Hand Weapons
 a - a +0 long sword
 r - the +6 quarterstaff of Wump (weapon) {freeze, *Slow rPois rC+ Int+6}
   (You found it on level 4 of the Dungeon)

   It freezes those it strikes, dealing additional cold damage.
   It can also slow down cold-blooded creatures.
   Int:       It affects your intelligence (+6).
   rC:        It protects you from cold.
   rPois:     It protects you from poison.
   *Slow:     It may slow you when you take damage.
Armour
 b - a +0 scale mail (worn)
 s - a +0 cloak (worn)
 z - a +1 pair of boots of stealth (worn)
Jewellery
 j - a ring of resist corrosion (right hand)
 m - the ring of Neurosis (left hand) {*Corrode rC+ Str+7 Int+6 Dex+2}
   (You found it on level 2 of the Dungeon)

   [ring of intelligence]

   Str:       It affects your strength (+7).
   Int:       It affects your intelligence (+6).
   Dex:       It affects your dexterity (+2).
   rC:        It protects you from cold.
   *Corrode:  It may corrode you when you take damage.
 t - a +4 ring of protection
 u - a ring of positive energy
Scrolls
 e - a scroll of immolation
 g - 4 scrolls of teleportation
 i - 2 scrolls of fear
 k - a scroll of magic mapping {unknown}
 l - 2 scrolls of poison
 p - a scroll of noise {unknown}
 v - a scroll of blinking
 w - 2 scrolls of enchant weapon
Potions
 d - a potion of resistance
 f - a potion of invisibility
 h - a potion of magic {unknown}
 n - 2 potions of degeneration
 o - a potion of attraction {unknown}
 x - a potion of brilliance
 A - a potion of curing {unknown}


   Skills:
 + Level 7.8 Fighting
 + Level 5.0 Long Blades
 + Level 10.3 Staves
 + Level 8.7 Armour
 + Level 2.5 Dodging
 + Level 2.5 Stealth
 + Level 4.7 Shields


You had 8 spell levels left.
You didn't know any spells.
Your spell library contained the following spells:

 Spells                   Type           Power      Damage    Failure   Level
 Gell's Gravitas          Tloc           0%         N/A       83%         3
 Lesser Beckoning         Tloc           0%         N/A       83%         3
 Teleport Other           Tloc           0%         N/A       83%         3
 Airstrike                Air            0%         2d(0-16)  99%         4
 Animate Armour           Summ/Erth      0%         N/A       99%         4
 Corpse Rot               Necr/Pois/Air  0%         N/A       99%         4
 Summon Lightning Spire   Summ/Air       0%         N/A       99%         4
 Lightning Bolt           Conj/Air       0%         1d11      100%        5
 Storm Form               Tmut/Air       0%         N/A       100%        7


Dungeon Overview and Level Annotations

Branches:
Dungeon (6/15)             Temple (1/1) D:5

Altars:
Ashenzari
Elyvilon
Fedhas
Gozag
Hepliaklqana
Makhleb
Nemelex Xobeh
Okawaru
Qazlal
Sif Muna
Trog
Uskayaw
Xom
Yredelemnul
Zin
The Shining One

Shops:
D:5 *


Innate Abilities, Weirdness & Mutations

You have a pair of horns on your head.
You reflexively headbutt those who attack you in melee.


Message History

The howler monkey howls!
The bullfrog gives a loud, deep croak!
A white imp comes into view.
The jelly barely misses you.
You see here an ugly thing corpse.
The white imp shouts!
You hit the cyclops. You freeze the cyclops.
The cyclops is lightly wounded.
You feel very sick.
The howler monkey hoots and howls with incredible vigour!
The jelly hits you.
You are splashed with acid.
You resist. The cyclops hits you!!
* * * LOW HITPOINT WARNING * * *
It was a potion of degeneration.
There was something very wrong with that liquid.
You feel weakened.
You feel dopey.
You feel clumsy.
* * * LOW HITPOINT WARNING * * *
You feel very sick. The jelly hits you but does no damage.
It was a potion of resistance.
You feel protected.
* * * LOW HITPOINT WARNING * * *
You feel very sick. The cyclops misses you.
The jelly hits you but does no damage.
You swap places.
* * * LOW HITPOINT WARNING * * *
You feel very sick.
Your scorpion stings the cyclops.
The jelly jiggles.
The jelly closely misses your scorpion.
The cyclops throws a large rock.
The large rock hits your scorpion!!
Your scorpion dies!
Your scorpion's corpse dissolves into shadows!
Things that are here:
4 large rocks; a cyclops corpse It was a potion of brilliance.
You feel clever all of a sudden.
* * * LOW HITPOINT WARNING * * *
You feel sick.
It was a potion of haste.
You feel yourself speed up.
You die...

....#
#..........(..........
..)#
#>.......<.####..##...
##...######## #.....##
#####..#### #.#....
#.........# #.##.###
#.........# ..
#.........# ...
#######....#############
..............os@JC.$..#
..#####...####l###h###...
#...# #..##.#
#...#####.)#F#
#....##....#c#
####.......#5#
##.##.#.#.# #.#...##.#
#.#.###


You could see a cyclops (ally target), a howler monkey, a jelly, a friendly
scorpion (summoned), a friendly iguana (summoned) and a friendly orc (summoned).

Vanquished Creatures
  A cyclops (D:6)
  An ugly thing (D:6)
  Maggie (D:6)
  Grinder (D:6)
  A human (D:4)
  Eustachio (D:6)
  A sky beast (D:6)
  An ice beast (D:5)
  An ogre (D:4)
  A phantom (D:6)
  A scorpion (D:6)
  2 necrophages
  8 wights
  A howler monkey (D:5)
  A hound (D:5)
  A human zombie (D:4)
  5 orc priests
  2 jellies (D:5)
  6 iguanas
  2 orc wizards (D:5)
  7 gnolls
  4 adders
  A shadow imp (D:6)
  2 white imps
  2 worms
  3 dart slugs
  15 orcs
  9 endoplasms
  A giant cockroach (D:3)
  8 goblins
  12 hobgoblins
  13 jackals
  4 quokkas
  11 ball pythons
  7 bats
  3 frilled lizards
  A jackal skeleton (D:4)
  6 kobolds
  7 rats
155 creatures vanquished.

Vanquished Creatures (others)
  A wizard (D:4)
1 creature vanquished.

Grand Total: 156 creatures vanquished

Notes
Turn   | Place    | Note
-------+----------+-------------------------------------------
     0 | D:1      | Iusername the Minotaur Fighter began the quest for the Orb.
     0 | D:1      | Reached XP level 1. HP: 19/19 MP: 0/0
    33 | D:1      | Got the Treatise on Cloudy Excavation
    99 | D:1      | Reached XP level 2. HP: 27/27 MP: 1/1
   186 | D:1      | Reached XP level 3. HP: 24/33 MP: 2/2
   557 | D:2      | Found a broken altar of Ashenzari.
   590 | D:2      | Found a faded altar of an unknown god.
   854 | D:2      | Reached XP level 4. HP: 41/41 MP: 3/3
   896 | D:2      | Identified the ring of Neurosis {*Corrode rC+ Str+7 Int+6
                  | Dex+2}
  2217 | D:4      | Reached XP level 5. HP: 30/47 MP: 4/4
  2710 | D:4      | Identified the +6 quarterstaff of Wump {freeze, *Slow rPois
                  | rC+ Int+6}
  2715 | D:4      | Found a shimmering blue altar of Sif Muna.
  2787 | D:4      | Noticed an ogre
  2793 | D:4      | Killed an ogre
  2794 | D:4      | Reached skill level 5 in Fighting
  3294 | D:4      | Found a blossoming altar of Fedhas.
  3306 | D:4      | Reached skill level 1 in Staves
  3348 | D:4      | Found a runed translucent door.
  3348 | D:4      | Noticed a human
  3351 | D:4      | Found a basalt altar of Yredelemnul.
  3358 | D:4      | Reached XP level 6. HP: 43/56 MP: 5/5
  4139 | D:4      | Killed a human
  4140 | D:4      | Reached skill level 5 in Long Blades
  4140 | D:4      | Reached skill level 2 in Staves
  4140 | D:4      | Reached skill level 5 in Armour
  4140 | D:4      | Reached skill level 1 in Dodging
  4235 | D:4      | Found a bloodstained altar of Trog.
  4251 | D:4      | Reached skill level 3 in Staves
  4251 | D:4      | Reached skill level 1 in Stealth
  4251 | D:4      | Reached XP level 7. HP: 57/61 MP: 6/6
  4628 | D:4      | Noticed a wizard
  4634 | D:4      | Killed a wizard
  4797 | D:5      | Entered Level 5 of the Dungeon
  4931 | D:5      | Found a staircase to the Ecumenical Temple.
  4945 | Temple   | Entered the Ecumenical Temple
  5113 | Temple   | Became a worshipper of the Shining One
  5196 | D:5      | Reached skill level 4 in Staves
  5470 | D:5      | Reached skill level 5 in Staves
  5476 | D:5      | Reached XP level 8. HP: 40/70 MP: 7/7
  5955 | D:5      | Reached skill level 6 in Staves
  6145 | D:5      | Identified the +3 ring mail "Dannu" {Will+ Str+3}
  6147 | D:5      | Found Lafe's General Store.
  6156 | D:5      | Bought a +1 pair of boots of stealth for 198 gold pieces
  6307 | D:6      | Reached * piety under the Shining One
  6393 | D:6      | Reached skill level 7 in Staves
  6560 | D:6      | Noticed Grinder
  6561 | D:6      | Paralysed by Grinder for 3 turns
  6569 | D:6      | Killed Grinder
  6569 | D:6      | Reached ** piety under the Shining One
  6570 | D:6      | Reached skill level 8 in Staves
  6570 | D:6      | Reached XP level 9. HP: 70/78 MP: 8/8
  6749 | D:6      | Noticed Eustachio
  6754 | D:6      | Noticed Maggie
  6758 | D:6      | Killed Eustachio
  6770 | D:6      | Killed Maggie
  6771 | D:6      | Reached skill level 9 in Staves
  7269 | D:6      | Noticed a cyclops
  7272 | D:6      | Noticed a green ugly thing
  7274 | D:6      | Noticed a cyclops
  7276 | D:6      | Killed a cyclops
  7285 | D:6      | Killed a green ugly thing
  7286 | D:6      | Reached skill level 10 in Staves
  7290 | D:6      | HP: 3/81 [poisoned by a green ugly thing]
  7291 | D:6      | HP: 1/81 [poisoned by a green ugly thing]
  7292 | D:6      | Succumbed to a green ugly thing's poison

Illustrated notes

Levels and vault maps discovered:
D:1:      lordsloth_arrival_two_stooges, layout_basic, serial_shops,
          nicolae_shop_hallway_stairs
D:2:      layout_basic, basic_altar, shapermc_ecumenical_altar_venn,
          serial_rivers, chequers_serial_rivers_small_b,
          chequers_serial_rivers_micro_a, chequers_serial_rivers_small_3,
          chequers_serial_rivers_small_3, chequers_serial_rivers_micro_a,
          nrook_campfire
D:3:      layout_basic
D:4:      layout_basic, trog_wizard, dk_yredelemnul_ordeal,
          nicolae_sif_muna_condensation, old_standard_altar,
          minmay_misc_feat_alley, hangedman_decor_points
D:5:      layout_basic, minmay_temple_entry_glass, serial_shops, shop,
          sigmund_army
D:6:      layout_rooms, minmay_manual_monstrance, uniq_maggie, uniq_eustachio,
          uniq_grinder
Temple:   hellmonk_temple_flake

Skill      XL: |  1  2  3  4  5  6  7  8  9 |
---------------+----------------------------+-----
Fighting       | 4 5 6 7 |  7.8
Shields        | 4 |  4.7
Long Blades    | 3 4 5 |  5.0
Armour         | 4 5 6 7 8 |  8.7
Staves         | 1 3 5 8 10 | 10.3
Dodging        | 1 2 |  2.5
Stealth        | 1 2 |  2.5

Action                   |  1- 3 |  4- 6 |  7- 9 || total
-------------------------+-------+-------+-------++-------
Melee: Long sword        |    76 |    49 |       ||   125
       Headbutt          |     8 |    12 |    31 ||    51
       Quarterstaff      |       |    39 |   135 ||   174
  Use: Potion            |     1 |     3 |     6 ||    10
       Scroll            |       |     3 |     5 ||     8
 Stab: Distracted        |       |     1 |       ||     1
       Invisible         |       |     1 |       ||     1
Armor: Scale mail        |    41 |    33 |    46 ||   120
Dodge: Dodged            |    39 |    46 |    61 ||   146
Block: Buckler           |    15 |    16 |       ||    31
